 Dungeon Crawl Stone Soup version 0.31-a0-564-g3b7de120b3 (webtiles) character file.

Game seed: 14709394465664163615

1568 Shayle the Trooper (level 8, 0/88 HPs)
             Began as an Ogre Shapeshifter on Aug 17, 2023.
             Was an Initiate of Ashenzari.
             Killed from afar by an orc wizard (9 damage)
             ... with a magic dart
             ... on level 6 of the Dungeon.
             The game lasted 00:19:50 (8195 turns).

Shayle the Trooper (Ogre Shapeshifter)              Turns: 8195, Time: 00:19:50

Health: 0/88       AC:  3    Str: 20    XL:     8   Next: 90%
Magic:  22/22      EV:  9    Int: 11    God:    Ashenzari [......]
Gold:   138        SH:  0    Dex:  9    Spells: 13/13 levels left

rFire   . . .        z - +0 broad axe
rCold   . . .        (no shield)
rNeg    . . .        a - +0 animal skin
rPois   .            (helmet currently unavailable)
rElec   .            (cloak currently unavailable)
rCorr   .            (gloves unavailable)
SInv    .            (boots unavailable)
Will    .....        (no amulet)
Stlth   +            F - ring of the Shackled Malaise {MP+9, Self, Dev} (curse)
HPRegen 0.34/turn    (no ring)
MPRegen 0.18/turn

%: no passive effects
@: beast-form
A: beast (slay +4), large, unfitting armour, tough skin 1
a: Begin Untransformation, Renounce Religion, Shatter the Chains


You were on level 6 of the Dungeon.
You worshipped Ashenzari.
Ashenzari was noncommittal.
You were a hulking beast.
You visited 2 branches of the dungeon, and saw 7 of its levels.
You also visited: Sewer.

You collected 272 gold pieces.
You spent 134 gold pieces at shops.

Inventory:

Hand Weapons
 z - a +0 broad axe (weapon)
 H - a +2 heavy falchion
Armour
 a - a +0 animal skin (worn)
 n - a +0 cloak
 C - a +2 robe of fire resistance
Jewellery
 F - the cursed ring of the Shackled Malaise (left hand) {MP+9, Self, Dev}
   (You found it on level 5 of the Dungeon)

   [ring of magical power]

   MP+9:      It affects your magic capacity (+9).
   It has a curse which improves the following skills: Introspection: Fighting
   and Spellcasting.
   Devices:   Evocations and Shapeshifting.
Talismans
 c - a beast talisman (active)
 d - a flux talisman
 u - a serpent talisman
Wands
 p - a wand of paralysis (14)
 y - a wand of polymorph (9)
 G - a wand of flame (11)
Scrolls
 f - a scroll of brand weapon {unknown}
 i - a scroll of teleportation
 k - a scroll of fear {unknown}
 l - 2 scrolls of immolation {unknown}
 m - a scroll of enchant armour {unknown}
 q - a scroll of poison {unknown}
 s - a scroll of vulnerability {unknown}
 v - 2 scrolls of revelation
 A - a scroll of fog {unknown}
 B - a scroll of silence {unknown}
 E - a scroll of identify
Potions
 b - a potion of brilliance {unknown}
 e - 3 potions of haste
 h - a potion of magic
 j - a potion of invisibility
 o - 2 potions of cancellation {unknown}
 r - a potion of ambrosia {unknown}
 t - a potion of attraction {unknown}
 w - a potion of degeneration {unknown}
 x - 4 potions of mutation {unknown}
 D - a potion of enlightenment {unknown}


   Skills:
 + Level 7.4(7.9) Fighting
 - Level 1.7 Dodging
 + Level 5.7 Unarmed Combat
 - Level 3.0(3.3) Spellcasting
 * Level 6.3(6.8) Shapeshifting


You had 13 spell levels left.
You didn't know any spells.
Your spell library contained the following spells:

 Spells                   Type           Power      Damage    Failure   Level
 Magic Dart               Conj           4%         1d3       26%         1
 Searing Ray              Conj           2%         2d4       36%         2
 Fulminant Prism          Conj/Hex       0%         3d5       94%         4
 Haunt                    Necr/Summ      0%         N/A       100%        7
 Borgnjor's Revivificati  Necr           0%         N/A       100%        8
 Death's Door             Necr           0%         N/A       100%        9


Dungeon Overview and Level Annotations

Branches:
Dungeon (6/15)             Temple (1/1) D:5           Sewer (visited)

Altars:
Ashenzari
Dithmenos
Fedhas
Hepliaklqana
Kikubaaqudgha
Nemelex Xobeh
Okawaru
Ru
Trog
Uskayaw
Xom

Shops:
D:1 ?   D:4 *   D:6 *

Annotations:
D:5 3 runed translucent doors, wormstring's ghost, novice DrSh


Innate Abilities, Weirdness & Mutations

You are a hulking beast.
Your limbs bulge with bestial killing power. (Slay +4)
You are too large for most types of armour.
You have tough skin. (AC +1)


Message History

You feel less confused.
You feel sick. The adder closely misses you. Something hits you.
The orc barely misses you. The adder closely misses you.
The orc priest hits you with a +0 dagger.
The orc hits you with a +0 hand axe. Something hits you.
You hit the orc priest. You punch the orc priest!
The orc priest is severely wounded.
You completely miss the adder. You slash the orc!
You kill the orc!
You barely miss something.
You feel sick. The adder bites you.
* * * LOW HITPOINT WARNING * * *
The adder bites you but does no damage. Something hits you but does no damage.
The orc priest invokes the aid of Beogh against you.
You struggle to resist.
You feel better. The adder bites you.
The orc priest calls down the wrath of Beogh upon you.
Pain shoots through your body!
* * * LOW HITPOINT WARNING * * *
Something hits you but does no damage. The adder closely misses you.
You slash the orc priest!
You kill the orc priest!
You miss something. You barely miss the adder. Something hits you.
* * * LOW HITPOINT WARNING * * *
The adder bites you but does no damage. Something hits you!
* * * LOW HITPOINT WARNING * * *
The adder bites you.
* * * LOW HITPOINT WARNING * * *
You feel better. The adder bites you.
* * * LOW HITPOINT WARNING * * *
Something hits you but does no damage.
You slash something! You miss the adder. The adder closely misses you.
Something hits you!
* * * LOW HITPOINT WARNING * * *
The adder bites you but does no damage.
You barely miss something. You barely miss the adder. The adder bites you.
* * * LOW HITPOINT WARNING * * *
You hear some strange, mumbled words.
A magic dart appears from out of thin air!
The magic dart hits you!
You die...

#.. #####
....#####.###.#.##
.#.........#.....##
g#...##.....#.{h..#
....###.......)S)## ...#
#...........)# ...#
#......#####.#
#g..###.......###.## .
...##......#...##..## ...
.###....)..#.....o..#.....
g.##....<..####....o......
..##.....).###."...S......


You could see an adder.

Vanquished Creatures
  Prince Ribbit (D:4)
  Menkaure (D:4)
  An ice beast (D:5)
  An ogre (D:5)
  A kobold brigand (D:6)
  A scorpion (D:6)
  2 jellies
  6 hounds
  3 orc priests
  A sleepcap (D:4)
  Natasha (thrice) (D:4 D:3)
  6 orc wizards
  11 gnolls
  8 adders
  2 river rats (Sewer)
  A shadow imp (D:5)
  A white imp (D:5)
  4 ufetubi
  6 worms
  3 dart slugs
  11 orcs
  5 bats
  12 endoplasms
  8 giant cockroaches
  5 goblins
  7 hobgoblins
  9 jackals
  9 kobolds
  A quokka (D:3)
  14 ball pythons
  7 frilled lizards
  15 rats
166 creatures vanquished.

Notes
Turn   | Place    | Note
-------+----------+-------------------------------------------
     0 | D:1      | Shayle the Ogre Shapeshifter began the quest for the Orb.
     0 | D:1      | Reached XP level 1. HP: 19/19 MP: 1/1
   284 | D:1      | Reached skill level 2 in Fighting
   284 | D:1      | Reached XP level 2. HP: 28/28 MP: 3/3
   319 | D:1      | Reached skill level 1 in Spellcasting
   639 | D:1      | Found The Oracle's Delphic Readings.
   647 | D:1      | Bought a scroll of identify for 22 gold pieces
   947 | D:2      | Reached XP level 3. HP: 12/36 MP: 3/5
  1337 | D:2      | Reached skill level 3 in Fighting
  1734 | D:2      | Reached XP level 4. HP: 36/45 MP: 6/6
  2227 | D:3      | Found a glowing drain.
  2254 | Sewer    | Entered a sewer
  2507 | Sewer    | Reached XP level 5. HP: 13/54 MP: 8/8
  2823 | Sewer    | Reached skill level 4 in Fighting
  3279 | D:3      | Found a faded altar of an unknown god.
  4151 | D:4      | Noticed Natasha
  4157 | D:4      | Killed Natasha
  4163 | D:4      | Noticed Natasha
  4288 | D:3      | Killed Natasha
  4289 | D:3      | Reached XP level 6. HP: 18/63 MP: 10/10
  4441 | D:3      | Noticed Natasha
  4451 | D:3      | Killed Natasha
  4941 | D:4      | Reached skill level 5 in Fighting
  5214 | D:4      | Found Qiruripn's Elemental Accessories.
  5259 | D:4      | Noticed Menkaure
  5264 | D:4      | Killed Menkaure
  5265 | D:4      | Reached XP level 7. HP: 72/72 MP: 11/11
  5546 | D:5      | Entered Level 5 of the Dungeon
  5546 | D:5      | Noticed Prince Ribbit
  5579 | D:4      | Killed Prince Ribbit
  5708 | D:4      | Reached skill level 6 in Fighting
  5839 | D:5      | Reached skill level 5 in Shapeshifting
  5951 | D:4      | Reached XP level 8. HP: 59/83 MP: 12/12
  6109 | D:5      | Found a staircase to the Ecumenical Temple.
  6134 | D:5      | Reached skill level 5 in Unarmed Combat
  6136 | D:5      | Found a shadowy altar of Dithmenos.
  6138 | Temple   | Entered the Ecumenical Temple
  6147 | Temple   | Became a worshipper of Ashenzari the Shackled
  6883 | D:5      | Found a hazy altar of Hepliaklqana.
  6983 | D:5      | Found a runed translucent gate.
  6984 | D:5      | Found a runed translucent gate.
  6985 | D:5      | Found a runed translucent gate.
  6986 | D:5      | Noticed wormstring's ghost (novice DrSh)
  6996 | D:5      | Identified the +0 ring mail of Agnosticism {Regen+}
  7138 | D:5      | Found a hide-covered altar of Uskayaw.
  7516 | D:6      | Found Cuemnub's General Store.
  7531 | D:6      | Reached skill level 7 in Fighting
  7534 | D:6      | Bought a scroll of revelation for 112 gold pieces
  7551 | D:6      | Found a blossoming altar of Fedhas.
  7762 | D:6      | Found a sparkling altar of Nemelex Xobeh.
  8195 | D:6      | Killed from afar by an orc wizard

Illustrated notes

Levels and vault maps discovered:
D:1:      matt_arrival_spirals, layout_basic, minmay_misc_feat_square,
          nicolae_nh_oracle_at_delphi
D:2:      layout_basic
D:3:      minmay_octagon_keep, layout_basic,
          hellmonk_ecumenical_altar_crossroads, cheibrodos_sewer_entry_drain
D:4:      layout_basic, roderic_roman_lattice, chequers_serial_rivers_large_a,
          nicolae_elemental_shop, uniq_natasha, uniq_menkaure
D:5:      layout_cave_pools, eat_drink_and_be_merry_uskayaw,
          grunt_dithmenos_smoke, nicolae_hepliaklqana_hippocampus,
          minmay_temple_entry_statues_fountains, biasface_ghost_orc_armoury,
          uniq_prince_ribbit1
D:6:      layout_cave_pools, mainiacjoe_overflow_six_doors_small,
          mainiacjoe_overflow_brackets, serial_shops, shop,
          dreamdust_mushroom_princess
Temple:   hellmonk_temple_rainy

Skill      XL: |  1  2  3  4  5  6  7  8 |
---------------+-------------------------+-----
Fighting       | 2 3 4 5 6 7 |  7.4
Spellcasting   | 1 2 3 |  3.0
Unarmed Combat | 3 4 5 |  5.7
Shapeshifting  | 4 5 6 |  6.3
Dodging        | |  1.7

Action                     |  1- 3 |  4- 6 |  7- 9 || total
---------------------------+-------+-------+-------++-------
  Melee: Unarmed           |   131 |   204 |       ||   335
         Punch             |     4 |     5 |    10 ||    19
         Broad axe         |       |    25 |   159 ||   184
 Invoke: Curse Item        |       |       |     1 ||     1
  Evoke: Wand              |       |     1 |     1 ||     2
    Use: Scroll            |     1 |     7 |       ||     8
         Potion            |     1 |     4 |     5 ||    10
   Stab: Sleeping          |     2 |     2 |       ||     4
         Paralysed         |       |     2 |     4 ||     6
         Invisible         |       |       |     1 ||     1
 Armour: Animal skin       |    49 |    60 |    61 ||   170
         Skin              |       |    13 |       ||    13
  Dodge: Dodged            |    60 |    86 |   121 ||   267

Table legend: (Time is in decaauts)
 A = Elapsed time spent in this place.
 B = Non-inter-level travel time spent in this place.
 C = Inter-level travel time spent in this place.
 D = Time resting spent in this place.
 E = Time spent auto-exploring this place.
 F = Levels seen in this place.
 G = Mean time per level.
                   A        B        C        D        E       F      G
               +--------+--------+--------+--------+--------+-----+--------+
         Total |   8295 |   7994 |    301 |   2182 |   4125 |   8 | 1036.9 |
       Dungeon |   7122 |   6821 |    301 |   1538 |   3895 |   6 | 1187.0 |
        Temple |    359 |    359 |      0 |    308 |      0 |   1 |  359.0 |
         Sewer |    814 |    814 |      0 |    336 |    230 |   1 |  814.0 |
               +--------+--------+--------+--------+--------+-----+--------+

Top non-repeatable levels by time:
     D:4: 1878 daAuts
     D:2: 1257 daAuts
     D:5: 1255 daAuts
     D:3: 1207 daAuts
     D:1: 831 daAuts
   Sewer: 814 daAuts
     D:6: 691 daAuts
  Temple: 359 daAuts
